 Dungeon Crawl Stone Soup version 0.23.2-1-ga50397a6bc (webtiles) character file.

Game seed: 935802412466906741

174 Mrkan the Poker (level 5, 0/42 HPs)
             Began as a Demonspawn Fighter on May 19, 2019.
             Succumbed to a gnoll's poison
             ... on level 3 of the Dungeon.
             The game lasted 00:03:25 (2036 turns).

Mrkan the Poker (Demonspawn Fighter)                Turns: 2036, Time: 00:03:26

Health: 0/42       AC: 12    Str: 17    XL:     5   Next: 28%
Magic:  5/5        EV:  6    Int: 10    God:
Gold:   65         SH:  8    Dex: 12    Spells: 4/4 levels left

rFire    . . .     SeeInvis .   a - +0 trident
rCold    . . .     Gourm    .   c - +0 shield
rNeg     . . .     Faith    .   b - +0 scale mail
rPois    .         Spirit   .   (helmet restricted)
rElec    .         Reflect  .   (no cloak)
rCorr    .         Harm     .   (no gloves)
MR       .....                  (no boots)
Stlth    ..........             (no amulet)
HPRegen  0.14/turn              (no ring)
MPRegen  0.09/turn              (no ring)

@: lethally poisoned (0 -> -22), sanguine armour
A: antennae 2, sanguine armour 1
a: no special abilities


You were on level 3 of the Dungeon.
You were very hungry.

You visited 1 branch of the dungeon, and saw 3 of its levels.

You collected 65 gold pieces.

Inventory:

Hand Weapons
 a - a +0 trident (weapon)
Armour
 b - a +0 scale mail (worn)
 c - a +0 shield (worn)
Scrolls
 e - 2 scrolls of noise {unknown}
 g - 2 scrolls of teleportation {unknown}
 h - a scroll of fear {unknown}
 l - 2 scrolls of enchant weapon {unknown}
 m - 2 scrolls of immolation {unknown}
 o - 4 scrolls of remove curse {unknown}
 p - a scroll of identify {unknown}
Potions
 d - a potion of might
 i - a potion of agility {unknown}
 j - a potion of heal wounds {unknown}
 k - 3 potions of ambrosia {unknown}
 n - a potion of flight {unknown}
 q - a potion of lignification {unknown}
Comestibles
 f - 6 rations


   Skills:
 + Level 4.2 Fighting
 * Level 4.3 Polearms
 - Level 2.6 Armour
 - Level 2.6 Shields


You had 4 spell levels left.
You didn't know any spells.
Your spell library was empty.

Dungeon Overview and Level Annotations

Branches:
Dungeon (3/15)

Altars:
Elyvilon
Gozag
Qazlal
Ru


Innate Abilities, Weirdness & Mutations

You have a pair of antennae on your head.
When seriously injured, your bleeding wounds create armour. (AC +6)


Message History

You are more poisoned.
Your shield and scale mail prevent you from hitting the gnoll.
The gnoll is almost dead.
* * * LOW HITPOINT WARNING * * *
You feel very sick. The gnoll completely misses you.
You puncture the gnoll!
You kill the gnoll!
* * * LOW HITPOINT WARNING * * *
You feel sick.
You closely miss the orc.
* * * LOW HITPOINT WARNING * * *
You feel very sick. The orc hits you but does no damage.
You block the orc's attack.
You barely miss the orc.
* * * LOW HITPOINT WARNING * * *
You feel sick. You block the orc's attack.
You puncture the orc!
You kill the orc!
You die...

#......#... ####....###
########.....## #............##
#............## #......<.....#.
## #............##
..####################...#.....##
......g.†....go)@.......>#.#.#.#.
...####g##.###########.#.#...#...
#...{...##.# #...#####...
....##..##.######## ##### #.##
....##..##.#......# #.#
...(##..##.#.####.#### #.##
.#..##.....#..<<.....# #...
.#..###.######...#.#############.
##... #.....+.......#.....#.


You could see a gnoll and an orc.

Vanquished Creatures
  An orc priest (D:3)
  6 gnolls (D:3)
  An adder (D:2)
  A worm (D:2)
  A dart slug (D:1)
  4 leopard geckos
  7 orcs (D:3)
  A ball python (D:1)
  4 giant cockroaches
  4 goblins
  4 hobgoblins
  16 kobolds
  8 bats
  5 frilled lizards
  6 rats
69 creatures vanquished.

Notes
Turn   | Place    | Note
-------+----------+-------------------------------------------
     0 | D:1      | Mrkan the Demonspawn Fighter began the quest for the Orb.
     0 | D:1      | Reached XP level 1. HP: 18/18 MP: 1/1
   158 | D:1      | Gained mutation: You have a pair of small antennae on your
                  | head. [demonic ancestry]
   158 | D:1      | Reached XP level 2. HP: 21/24 MP: 2/2
   384 | D:1      | Reached XP level 3. HP: 19/29 MP: 3/3
  1060 | D:2      | Found a sacrificial altar of Ru.
  1093 | D:2      | Found a stormy altar of Qazlal.
  1093 | D:2      | Found a white marble altar of Elyvilon.
  1097 | D:2      | Found an opulent altar of Gozag.
  1829 | D:3      | Gained mutation: When seriously injured, your bleeding
                  | wounds create armour. (AC +6) [demonic ancestry]
  1829 | D:3      | Reached XP level 4. HP: 25/37 MP: 4/4
  1961 | D:3      | Gained mutation: You have a pair of antennae on your head.
                  | [demonic ancestry]
  1961 | D:3      | Reached XP level 5. HP: 28/42 MP: 5/5
  2035 | D:3      | HP: 2/42 [poisoned by a gnoll]
  2036 | D:3      | Succumbed to a gnoll's poison

Skill      XL: |  1  2  3  4 |
---------------+-------------+-----
Polearms       | 2 3 4 |  4.3
Fighting       | 4 |  4.2
Armour         | |  2.6
Shields        | |  2.6

Action                   |  1- 3 |  4- 6 || total
-------------------------+-------+-------++-------
Melee: Trident           |   217 |    61 ||   278
  Eat: Chunk             |     3 |       ||     3
Armor: Scale mail        |    96 |    22 ||   118
Dodge: Dodged            |    54 |    12 ||    66
Block: Shield            |   116 |    41 ||   157
